 Dungeon Crawl Stone Soup version 0.26.1-11-gd32895ea62 (webtiles) character file.

Game seed: 10237759067066091434

1425 jlumianski the Summoner (level 8, -8/36 HPs)
             Began as a Felid Summoner on May 19, 2021.
             Was an Elder of Dithmenos.
             Killed from afar by an orc sorcerer (26 damage)
             ... with a bolt of fire
             ... on level 2 of the Orcish Mines on May 21, 2021.
             The game lasted 01:53:16 (15641 turns).

jlumianski the Summoner (Felid Summoner)           Turns: 15641, Time: 01:53:17

Health: -8/36      AC: 10    Str:  4    XL:     8   Next: 44%
Magic:  8/19       EV: 22    Int: 20    God:    Dithmenos [****..]
Gold:   595        SH:  0    Dex: 17    Spells: 12/21 levels left
                                        Lives:  0   Deaths: 2

rFire    . . .     SeeInvis +     - Unarmed
rCold    . . .     Faith    .   (shield unavailable)
rNeg     . . .     Spirit   .   (armour unavailable)
rPois    .         Reflect  .   (helmet unavailable)
rElec    .         Harm     .   (cloak unavailable)
rCorr    +         Rampage  .   (gloves unavailable)
Will     +....                  (boots unavailable)
Stlth    ++++++....             i - amulet of magic regeneration
HPRegen  0.12/turn              u - ring of the Tortoise {AC+8}
MPRegen  0.41/turn              y - ring of resist corrosion

@: wreathed by umbra, studying Unarmed Combat, quick
A: very small, no armour, no weapons or thrown items, stealth, claws 1, fangs 3,
see invisible, speed 1, shaggy fur 2, sharp paws
a: Renounce Religion, Shadow Step


You were on level 2 of the Orcish Mines.
You worshipped Dithmenos.
Dithmenos was greatly pleased with you.
You visited 2 branches of the dungeon, and saw 14 of its levels.
You also visited: Sewer and Ossuary.

You collected 775 gold pieces.
You spent 180 gold pieces at shops.

Inventory:

Jewellery
 i - an amulet of magic regeneration (around neck)
 m - an uncursed amulet of reflection
 q - a cursed ring of attention
 u - the ring of the Tortoise (left paw) {AC+8}
   (You found it on level 7 of the Dungeon)

   [ring of protection]

   It affects your AC (+8).
 y - a ring of resist corrosion (right paw)
 A - a +6 ring of dexterity
 D - an uncursed amulet of regeneration
Wands
 j - a wand of paralysis (1)
 r - a wand of iceblast (12)
 x - a wand of random effects (16)
 E - a wand of flame (15)
 G - a wand of acid (3)
Scrolls
 c - 3 scrolls of remove curse
 f - 7 scrolls of teleportation
 h - 3 scrolls of fear
 k - 3 scrolls of identify
 l - a scroll of noise
 n - 2 scrolls of immolation
 p - a scroll of acquirement {unknown}
 s - 2 scrolls of magic mapping
 w - a scroll of fog
 C - 2 scrolls of silence
Potions
 a - 2 potions of curing
 b - 2 potions of haste
 d - 4 potions of heal wounds
 e - a potion of ambrosia
 g - a potion of berserk rage
 o - a potion of flight
 t - a potion of lignification
 z - a potion of invisibility
 B - 2 potions of degeneration
 F - a potion of attraction
Books
 v - a manual of Unarmed Combat


   Skills:
 * Level 4.9 Fighting
 * Level 6.5 Dodging
 * Level 8.4 Stealth
 * Level 6.6 Unarmed Combat
 + Level 7.2 Spellcasting
 + Level 1.1 Hexes
 + Level 8.5 Summonings
 * Level 5.0 Evocations


You had 12 spell levels left.
You knew the following spells:

 Your Spells              Type           Power        Failure   Level
a - Summon Small Mammal   Summ           100%         1%          1
b - Call Imp              Summ           41%          1%          2
c - Call Canine Familiar  Summ           41%          1%          3
d - Summon Guardian Gole  Hex/Summ       26%          3%          3

Your spell library contained the following spells:

 Spells                   Type           Power        Failure   Level
 Corona                   Hex            12%          6%          1
 Slow                     Hex            11%          9%          2
 Foxfire                  Conj/Fire      28%          10%         1
 Magic Dart               Conj           28%          10%         1
 Ensorcelled Hibernation  Hex/Ice        18%          11%         2
 Blink                    Tloc           N/A          14%         2
 Summon Ice Beast         Ice/Summ       24%          16%         4
 Summon Lightning Spire   Summ/Air       24%          16%         4
 Confusing Touch          Hex            11%          17%         3
 Tukima's Dance           Hex            11%          17%         3
 Dazzling Flash           Conj/Hex       18%          22%         3
 Inner Flame              Hex/Fire       9%           22%         3
 Conjure Flame            Conj/Fire      7%           28%         3
 Gell's Gravitas          Tloc           3%           28%         3
 Mephitic Cloud           Conj/Pois/Air  7%           28%         3
 Petrify                  Tmut/Erth      7%           67%         4
 Sticky Flame             Conj/Fire      7%           67%         4
 Metabolic Englaciation   Hex/Ice        4%           90%         5
 Yara's Violent Unravell  Hex/Tmut       4%           90%         5
 Bolt of Magma            Conj/Fire/Erth 3%           95%         5
 Fireball                 Conj/Fire      3%           95%         5
 Iskenderun's Battlesphe  Conj           7%           95%         5
 Iron Shot                Conj/Erth      3%           100%        6
 Orb of Destruction       Conj           3%           100%        7
 Spellforged Servitor     Conj/Summ      12%          100%        7


Dungeon Overview and Level Annotations

Branches:
Dungeon (12/15)            Temple (0/1) D:4            Lair (0/6) D:9
    Orc (2/2) D:11          Sewer (visited)         Ossuary (visited)
    Elf: Orc:2

Altars:
Ashenzari
Cheibriados
Dithmenos
Gozag
Makhleb
Okawaru
Sif Muna
Vehumet
Yredelemnul

Shops:
D:6 }   D:10 }

Annotations:
D:6 Maggie
D:11 Rupert


Innate Abilities, Weirdness & Mutations

You cannot wear armour.
You are incapable of wielding weapons or throwing items.
Your paws allow you to move quietly. (Stealth)
You have sharp claws.
You have razor-sharp teeth.
You have supernaturally acute eyesight. (SInv)
You cover ground quickly.
You are covered in thick fur. (AC +2)
Your sharp claws are effective at attacking unaware monsters.


Message History

The orc sorcerer casts a spell at you. You resist with some effort.
Your crimson imp hits the orc sorcerer but does no damage.
The chaos spawn closely misses you. What are your orders? t - Meow!
Orders for allies: a - Attack new target. r - Retreat! s - Stop attacking. g - Guard the area. f - Follow me.
Anything else - Cancel.
Gang up on whom?
Press: ? - help, Dir - move target, f - chaos spawn
Aim: a chaos spawn (summoned, umbra) Attack!
The soul eater hits you!
Your crimson imp blinks!
Your hound closely misses the chaos spawn.
The orc sorcerer points at you and mumbles some strange words.
The bolt of fire hits you!!
Ouch! That really hurt!
You die...

.............
..........##
##.........#
#........§#
#...§...§###
#####.......§§.#
#.##..#.h5...§§§..#
.......54.#§#§§...#
.......@o####........
..##..3..# #.h.......
#.......# ##.....o..
#........# .........
##........ .........
##.#.....# ......
#####.... ......


You could see a soul eater (summoned), a chaos spawn (summoned), an orc
sorcerer, a friendly hound (summoned) and 2 friendly crimson imps.

Vanquished Creatures
  A boulder beetle (D:10)
  A wyvern (D:9)
  An ice beast (D:10)
  2 phantoms
  A black bear (D:10)
  A centaur (D:10)
  An elf zombie (Ossuary)
  2 bullfrogs
  A scorpion (D:9)
  3 killer bees (D:8)
  A wight (D:9)
  A howler monkey (D:10)
  A quasit (D:9)
  A jelly (D:10)
  A bullfrog skeleton (D:9)
  2 orc priests
  An iguana (D:9)
  3 orc wizards
  A worker ant (D:11)
  A hound zombie (D:11)
  A white imp (D:8)
  2 ufetubi
  An adder zombie (Ossuary)
  A leopard gecko (D:3)
  2 orcs
  A ball python (Sewer)
  5 jackals (D:10)
  2 quokkas
  3 bats
  2 frilled lizards
  A goblin (D:2)
  3 kobolds
  3 rats
54 creatures vanquished.

Vanquished Creatures (collateral kills)
  A two-headed ogre (D:10)
  The ghost of fernweh the Fighter, a novice DsCK of Xom (D:10)
  2 cyclopes (D:10)
  A vampire (D:11)
  A wyvern (D:9)
  2 yaks (D:11)
  A warg (Orc:1)
  An acid dragon (D:10)
  3 water moccasins
  3 orc warriors
  A sky beast (D:5)
  2 black bears (D:7)
  2 centaurs (D:7)
  3 ogres
  A big kobold (D:7)
  An elf zombie (Ossuary)
  3 bullfrogs
  Blork the orc (D:6)
  A scorpion (D:9)
  A killer bee (D:8)
  3 wights (D:9)
  4 howler monkeys
  2 human zombies (Ossuary)
  A bullfrog zombie (D:10)
  4 orc priests
  4 hounds
  2 centaur skeletons
  2 bullfrog skeletons
  A jelly (D:5)
  2 iguanas
  8 orc wizards
  6 worker ants
  A big kobold zombie (Ossuary)
  A hound zombie (D:5)
  A hound skeleton (D:6)
  2 mummies (Ossuary)
  4 gnolls
  8 adders
  2 river rats (Sewer)
  An ufetubus (D:7)
  An ooze (D:4)
  An adder zombie (D:5)
  A worm (D:2)
  3 dart slugs
  8 leopard geckos
  26 orcs
  2 bats
  8 giant cockroaches
  6 goblins
  13 hobgoblins
  7 jackals
  6 quokkas
  4 ball pythons
  8 frilled lizards
  2 goblin zombies (Ossuary)
  6 hobgoblin zombies (Ossuary)
  3 jackal zombies (Ossuary)
  13 kobolds
  12 kobold zombies (Ossuary)
  A leopard gecko skeleton (D:4)
  7 orc zombies (Ossuary)
  A quokka skeleton (D:6)
  8 rats
  A rat zombie (Ossuary)
239 creatures vanquished.

Vanquished Creatures (others)
  2 yaks (D:11)
  A black bear (D:10)
  An orc warrior (D:10)
  A bullfrog (D:10)
  A hound (D:10)
  A worker ant zombie (D:10)
  An orc (D:10)
  3 fungi (D:9)
  3 plants (D:9)
14 creatures vanquished.

Grand Total: 307 creatures vanquished

Notes
Turn   | Place    | Note
-------+----------+-------------------------------------------
     0 | D:1      | jlumianski the Felid Summoner began the quest for the Orb.
     0 | D:1      | Reached XP level 1. HP: 7/7 MP: 4/4
   480 | D:1      | Reached XP level 2. HP: 11/11 MP: 1/6
   483 | D:1      | Learned a level 2 spell: Call Imp
  1637 | D:2      | Reached XP level 3. HP: 14/14 MP: 1/8
  1735 | D:2      | Found a broken altar of Ashenzari.
  2176 | D:2      | Found an iron altar of Okawaru.
  2628 | D:3      | Found a glowing drain.
  2672 | Sewer    | Entered a sewer
  2861 | Sewer    | Reached XP level 4. HP: 18/18 MP: 5/10
  3542 | D:3      | Found a shadowy altar of Dithmenos.
  3546 | D:3      | Became a worshipper of Dithmenos the Shadowed
  3685 | D:3      | Found a basalt altar of Yredelemnul.
  4055 | D:4      | Reached skill level 5 in Summonings
  4426 | D:4      | Reached XP level 5. HP: 21/21 MP: 9/11
  4486 | D:4      | Learned a level 3 spell: Call Canine Familiar
  4509 | D:4      | Found a staircase to the Ecumenical Temple.
  4923 | D:5      | Entered Level 5 of the Dungeon
  5090 | D:5      | Found a sand-covered staircase.
  5098 | Ossuary  | Entered an ossuary
  5200 | Ossuary  | Reached * piety under Dithmenos
  5410 | Ossuary  | Reached skill level 1 in Fighting
  5451 | Ossuary  | Reached skill level 1 in Unarmed Combat
  5451 | Ossuary  | Reached skill level 1 in Evocations
  5460 | Ossuary  | Gained mutation: You are covered in thick fur. (AC +2)
                  | [Felid growth]
  5460 | Ossuary  | Reached XP level 6. HP: 25/25 MP: 8/13
  5585 | Ossuary  | Reached ** piety under Dithmenos
  5945 | D:5      | Noticed a sky beast
  6015 | D:5      | Killed a sky beast
  6568 | D:6      | Reached XP level 7. HP: 25/29 MP: 10/14
  6756 | D:6      | Noticed Blork the orc
  6767 | D:6      | Killed Blork the orc
  6778 | D:6      | Noticed Maggie
  7112 | D:6      | Found Gefas's Gadget Shop.
  7120 | D:6      | Bought a wand of iceblast (14) for 180 gold pieces
  7799 | D:7      | Found the ring of the Tortoise {AC+8}
  7825 | D:7      | Reached *** piety under Dithmenos
  7857 | D:7      | Found a snail-covered altar of Cheibriados.
  7857 | D:7      | Found a radiant altar of Vehumet.
  7861 | D:7      | Found an opulent altar of Gozag.
  8228 | D:7      | Reached skill level 5 in Spellcasting
  8353 | D:7      | Reached XP level 8. HP: 17/34 MP: 5/16
  9030 | D:7      | Reached skill level 5 in Stealth
  9073 | D:7      | Found a shimmering blue altar of Sif Muna.
  9974 | D:8      | Learned a level 3 spell: Summon Guardian Golem
 10004 | D:8      | Reached **** piety under Dithmenos
 10400 | D:9      | Reached skill level 5 in Dodging
 10933 | D:8      | Reached XP level 9. HP: 39/39 MP: 12/18
 11014 | D:9      | Found a staircase to the Lair.
 11641 | D:10     | Entered Level 10 of the Dungeon
 11719 | D:10     | Noticed a two-headed ogre
 11748 | D:10     | Killed a two-headed ogre
 12135 | D:10     | Found a transporter.
 12135 | D:10     | Noticed fernweh's ghost (novice DsCK)
 12136 | D:10     | Noticed a cyclops
 12139 | D:10     | Found a transporter.
 12170 | D:10     | Killed a cyclops
 12234 | D:10     | Found Leteogul's Gadget Emporium.
 12754 | D:10     | Reached skill level 5 in Unarmed Combat
 13137 | D:10     | Noticed a cyclops
 13154 | D:10     | Killed a cyclops
 13476 | D:10     | Killed fernweh's ghost
 13477 | D:10     | Reached XP level 10. HP: 31/43 MP: 15/21
 13674 | D:10     | Reached skill level 1 in Hexes
 14304 | D:11     | Noticed a boulder beetle
 14567 | D:10     | Killed a boulder beetle
 14679 | D:11     | Found a burning altar of Makhleb.
 14707 | D:11     | Reached skill level 5 in Evocations
 14939 | D:11     | Found a staircase to the Orcish Mines.
 15070 | D:12     | Noticed Rupert
 15070 | D:12     | Noticed a cyclops
 15095 | D:11     | HP: 2/43 [Rupert/+0 vorpal great sword (15)]
 15095 | D:11     | Slain by Rupert
 15096 | D:11     | Reached XP level 9. HP: -1/40 MP: 20/20
 15202 | D:11     | Mangled by Rupert
 15203 | D:11     | Reached XP level 8. HP: -12/36 MP: 15/19
 15259 | Orc:1    | Entered Level 1 of the Orcish Mines
 15306 | Orc:2    | Entered Level 2 of the Orcish Mines
 15325 | Orc:2    | Noticed an orc sorcerer
 15637 | Orc:2    | Noticed a soul eater
 15641 | Orc:2    | Killed from afar by an orc sorcerer

Illustrated notes

Levels and vault maps discovered:
D:1:      saegor_arrival_simple_d, layout_basic
D:2:      layout_basic, okawaru_altar_gauntlet_db,
          nicolae_overflow_crystal_walls, minmay_cut_off
D:3:      layout_rooms, grunt_dithmenos_smoke_and_mirrors, old_standard_altar,
          gup_sewer_entry_pipe, serial_glass, glass_columns_a, glass_columns_a,
          glass_columns_a, glass_columns_b, item_on_display_a,
          minmay_strange_pillars, due_unseen_surprise
D:4:      layout_basic, temple_green
D:5:      layout_loops_ring, nicolae_ossuary_entry_monument
D:6:      layout_gridville, serial_shops, shop, uniq_maggie, uniq_blork_the_orc
D:7:      layout_loops_ring, led_sif_book, minitemple, minmay_manual_mares
D:8:      layout_loops_ring, nicolae_lava_and_water, grunt_decor_one_mirror
D:9:      layout_basic, dpeg_oklobed_lair, nrook_mini_backslash
D:10:     layout_basic, serial_co_window_serial, co_window_corner_a,
          co_window_paths_a, co_window_paths_b, co_window_corner_a,
          co_window_corner_a, co_window_paths_b, co_window_unsneaky_path_d,
          co_window_broadway_c, co_window_corner_b, glass_columns_b,
          glass_columns_c, glass_columns_a, glass_columns_a, glass_columns_b,
          serial_shops, shop, gammafunk_ghost_arena
D:11:     layout_layer_cave, orc_0_dummy, basic_altar
D:12:     layout_basic, fedhas_altar_fruit_tree, uniq_frances, uniq_rupert,
          uniq_nessos
Orc:1:    layout_diamond_mine, ebering_ghost_rock_garden, uniq_fannar
Orc:2:    grunt_orc_tribal_feast, layout_diamond_mine, uniq_josephine

Skill      XL: |  1  2  3  4  5  6  7  8  9 10 |
---------------+-------------------------------+-----
Spellcasting   | 3 4 5 6 7 |  7.2
Stealth        | 3 4 6 7 8 |  8.4
Summonings     | 5 6 8 |  8.5
Dodging        | 3 4 5 6 |  6.5
Fighting       | 1 2 3 4 |  4.9
Unarmed Combat | 1 2 4 5 6 |  6.6
Evocations     | 1 2 3 4 5 |  5.0
Hexes          | 1 |  1.1

Action                   |  1- 3 |  4- 6 |  7- 9 | 10-12 || total
-------------------------+-------+-------+-------+-------++-------
Melee: Unarmed           |    34 |    30 |    94 |    21 ||   179
       Bite              |     1 |     4 |     6 |     1 ||    12
       Punch             |       |       |     5 |     1 ||     6
 Cast: Summon Small Mamm |   114 |    97 |   132 |    23 ||   366
       Call Imp          |    23 |    38 |    91 |    16 ||   168
       Call Canine Famil |       |    17 |    79 |    18 ||   114
       Summon Guardian G |       |       |    16 |    13 ||    29
Invok: Shadow Step       |       |       |     3 |       ||     3
Evoke: Wand              |       |       |     7 |       ||     7
  Use: Scroll            |     6 |     4 |     7 |     3 ||    20
       Potion            |       |     3 |     2 |     2 ||     7
 Stab: Sleeping          |     3 |     6 |    21 |     3 ||    33
       Distracted        |     1 |     2 |     7 |     2 ||    12
Armor: Skin              |     2 |     7 |    24 |    11 ||    44
Dodge: Dodged            |    44 |    46 |   168 |    69 ||   327
